 Dungeon Crawl Stone Soup version 0.21.1-1-g345015f (webtiles) character file.

2352 troglodite the Skirmisher (level 9, -6/71 HPs)
             Began as a Demonspawn Berserker on Feb 5, 2018.
             Was an Elder of Trog.
             Mangled by an orc warrior
             ... wielding a +2 dire flail of venom
              (13 damage)
             ... on level 6 of the Dungeon.
             The game lasted 00:20:17 (7206 turns).

troglodite the Skirmisher (Demonspawn Berserker)    Turns: 7206, Time: 00:20:19

Health: -6/71      AC: 14    Str: 18    XL:     9   Next: 20%
Magic:  9/9        EV: 10    Int:  9    God:    Trog [****..]
Gold:   333        SH:  5    Dex: 19    Spells: 8/8 levels left

rFire    + . .     SeeInvis .   m - +2 whip (freeze)
rCold    . . .     Gourm    .   j - +0 buckler
rNeg     + + .     Faith    +   t - +0 chain mail of Integrity {rElec}
rPois    .         Spirit   .   (helmet restricted)
rElec    +         Reflect  .   (no cloak)
rCorr    .         Harm     .   k - +2 pair of gloves
MR       ++...                  d - +0 pair of boots
Stlth    ..........             x - amulet of Gipnawk {Faith Dex+4}
HPRegen  1.21/turn              r - ring of positive energy
MPRegen  0.11/turn              u - ring of positive energy

@: lethally poisoned (-6 -> -24), regenerating
A: horns 2, talons 2, fire resistance 1, spiny 2
a: Berserk, Trog's Hand, Brothers in Arms, Burn Spellbooks, Renounce Religion


You were on level 6 of the Dungeon.
You worshipped Trog.
Trog was greatly pleased with you.
You were hungry.

You visited 1 branch of the dungeon, and saw 6 of its levels.
You also visited: Sewer.

You collected 333 gold pieces.

Inventory:

Hand Weapons
 a - a +1 falchion
 m - a +2 whip of freezing (weapon)
Armour
 d - a +0 pair of boots (worn)
 j - a +0 buckler (worn)
 k - a +2 pair of gloves (worn)
 t - the +0 chain mail of Integrity (worn) {rElec}
   (You found it on level 4 of the Dungeon)

   It insulates you from electricity.
Jewellery
 r - a ring of positive energy (left hand)
 u - a ring of positive energy (right hand)
 x - the amulet of Gipnawk (around neck) {Faith Dex+4}
   (You found it on level 6 of the Dungeon)

   [amulet of faith]

   It allows you to gain divine favour quickly.
   It affects your dexterity (+4).
Wands
 w - a wand of disintegration (10)
Scrolls
 f - 4 scrolls of teleportation
 i - 2 scrolls of enchant armour
 y - a scroll of blinking {unknown}
 z - 2 scrolls of fear {unknown}
 A - a scroll of magic mapping
 E - a scroll of fog {unknown}
 F - a scroll of identify
Potions
 e - a potion of flight
 g - a potion of cancellation
 h - a potion of curing
 l - a potion of experience
 n - a potion of mutation {unknown}
 o - a potion of agility {unknown}
 p - a potion of ambrosia {unknown}
 q - a potion of degeneration {unknown}
 s - 2 potions of magic {unknown}
 v - a potion of heal wounds {unknown}
 B - 3 potions of might
 C - a potion of brilliance {unknown}
 D - a potion of lignification {unknown}
Comestibles
 b - 5 chunks of flesh
 c - 12 rations


   Skills:
 * Level 6.8 Fighting
 + Level 5.5 Long Blades
   Level 1.4 Axes
 * Level 6.2 Armour
 * Level 4.4 Dodging
 + Level 0.8 Stealth
 * Level 3.5 Shields


You had 8 spell levels left.
You didn't know any spells.

Dungeon Overview and Level Annotations

Branches:
Dungeon (6/15)             Temple (0/1) D:4

Altars:
Hepliaklqana
Okawaru
Ru
Sif Muna
Wu Jian
Yredelemnul
Zin
The Shining One


Innate Abilities, Weirdness & Mutations

You have a pair of horns on your head.
You have razor-sharp toenails.
Your flesh is heat resistant. (rF+)
You are mostly covered in sharp spines.


Message History

Your chain mail of Integrity prevents you from hitting the orc warrior.
You feel sick.
The orc warrior is struck by your spines.
The orc warrior hits you with a dire flail of venom!!
You are more poisoned.
You hit the orc warrior. You freeze the orc warrior.
The orc warrior is lightly wounded.
* * * LOW HITPOINT WARNING * * *
You feel very sick.
The orc warrior is struck by your spines.
The orc warrior hits you with a dire flail of venom!
* * * LOW HITPOINT WARNING * * *
You are more poisoned.
Your skin crawls.
You feel resistant to hostile enchantments.
You feel somewhat more hungry.
* * * LOW HITPOINT WARNING * * *
You feel very sick.
The orc warrior hits you with a dire flail of venom!
You die...

#.# #.# #.#.#.# #.# #....#
#.# #.# #.#...# #.# #....#
#.# #.# #..##.# #.# #....#
#.#
##.######.##.######.###....##
#.#
#.........[................'[
#.#
#..######........[..###....##
#.# #..# ##.#.######## #....#
#.# #..# #.#.# #............
#.# #..# #..@# #.###########
#.# #..# ##.o# #.# #..# #..#
#.# #..## #..# #.#
#...#######..# #.#
##..........># #.#
##..........# #.#
############ #.#


You could see an orc warrior.

Vanquished Creatures
  Pikel (D:6)
  The ghost of ceb the Skirmisher, an amateur HOFi (D:3)
  Grinder (D:3)
  An orc warrior (D:6)
  2 ice beasts
  A phantom (D:5)
  3 big kobolds (Sewer)
  Blork the orc (D:6)
  A bullfrog (D:6)
  A scorpion (D:6)
  4 wights (D:6)
  2 crimson imps (D:6)
  A bullfrog zombie (D:5)
  A jelly (D:5)
  2 orc priests (D:6)
  2 orc wizards
  4 worker ants
  A hound skeleton (D:4)
  3 gnolls (D:3)
  A river rat (Sewer)
  9 adders
  3 oozes
  An adder skeleton (D:5)
  5 worms
  2 dart slugs
  6 leopard geckos
  17 orcs
  2 ball pythons
  6 bats
  12 giant cockroaches
  5 goblins
  8 hobgoblins
  12 jackals
  7 kobolds
  5 quokkas
  6 frilled lizards
  A jackal skeleton (D:4)
  2 quokka skeletons (D:5)
  12 rats
155 creatures vanquished.

Vanquished Creatures (others)
  2 slaves (D:6)
  A wyvern skeleton (D:6)
  2 orc wizards (D:6)
  An orc priest (D:6)
  A jackal (D:6)
7 creatures vanquished.

Grand Total: 162 creatures vanquished

Notes
Turn   | Place    | Note
-------+----------+-------------------------------------------
     0 | D:1      | troglodite the Demonspawn Berserker began the quest for the Orb.
     0 | D:1      | Reached XP level 1. HP: 18/18 MP: 1/1
    69 | D:1      | Gained mutation: You have a pair of small horns on your head. [demonic ancestry]
    69 | D:1      | Reached XP level 2. HP: 24/24 MP: 2/2
  1047 | D:2      | Gained mutation: Your flesh is heat resistant. (rF+) [demonic ancestry]
  1047 | D:2      | Reached XP level 3. HP: 26/29 MP: 3/3
  1790 | D:2      | Found a glowing silver altar of Zin.
  1861 | D:2      | Found a glowing golden altar of the Shining One.
  1873 | D:2      | Reached XP level 4. HP: 35/37 MP: 4/4
  2174 | D:2      | Found an iron altar of Okawaru.
  2411 | D:3      | Reached ** piety under Trog
  2795 | D:3      | Gained mutation: You have sharp toenails. [demonic ancestry]
  2795 | D:3      | Reached XP level 5. HP: 39/42 MP: 5/5
  2845 | D:3      | Noticed ceb's ghost (amateur HOFi)
  2861 | D:3      | Killed ceb's ghost
  2861 | D:3      | Reached skill level 1 in Shields
  2861 | D:3      | Gained mutation: You are partially covered in sharp spines. [demonic ancestry]
  2861 | D:3      | Reached XP level 6. HP: 32/48 MP: 6/6
  3218 | D:3      | Found an ornate altar of the Wu Jian Council.
  3249 | D:3      | Found a basalt altar of Yredelemnul.
  3291 | D:3      | Noticed Grinder
  3299 | D:3      | Killed Grinder
  3299 | D:3      | Gained mutation: You are mostly covered in sharp spines. [demonic ancestry]
  3299 | D:3      | Reached XP level 7. HP: 55/55 MP: 7/7
  3830 | D:4      | Found a staircase to the Ecumenical Temple.
  3862 | D:4      | Reached *** piety under Trog
  3878 | D:4      | Got a smoking chain mail
  3889 | D:4      | Identified the +0 chain mail of Integrity {rElec} (You found it on level 4 of the Dungeon)
  4702 | D:5      | Entered Level 5 of the Dungeon
  5317 | D:5      | Reached skill level 5 in Fighting
  5602 | D:5      | Found a deep blue altar of Sif Muna.
  5908 | D:6      | Gained mutation: You have a pair of horns on your head. [demonic ancestry]
  5908 | D:6      | Reached XP level 8. HP: 63/63 MP: 8/8
  5915 | D:6      | Noticed Pikel
  5930 | D:6      | Killed Pikel
  5930 | D:6      | Reached skill level 5 in Long Blades
  5930 | D:6      | Reached skill level 5 in Armour
  5996 | D:6      | Got a twitching ruby amulet
  5998 | D:6      | Identified the amulet of Gipnawk {Faith Dex+4} (You found it on level 6 of the Dungeon)
  6017 | D:6      | Found a glowing drain.
  6055 | Sewer    | Entered a sewer
  6195 | Sewer    | Reached **** piety under Trog
  6601 | D:6      | Gained mutation: You have razor-sharp toenails. [demonic ancestry]
  6601 | D:6      | Reached XP level 9. HP: 67/71 MP: 9/9
  6657 | D:6      | Reached skill level 1 in Axes
  6868 | D:6      | Found a hazy altar of Hepliaklqana.
  6930 | D:6      | Found a sacrificial altar of Ru.
  7099 | D:6      | Noticed Blork the orc
  7106 | D:6      | Killed Blork the orc
  7206 | D:6      | Mangled by an orc warrior

Skill      XL: |  1  2  3  4  5  6  7  8  9 |
---------------+----------------------------+-----
Dodging        | 2 3 4 |  4.4
Long Blades    | 3 4 5 |  5.5
Armour         | 2 3 4 5 6 |  6.2
Fighting       | 4 5 6 |  6.8
Shields        | 1 2 3 |  3.5
Axes           | 1 |  1.4
Stealth        | |  0.8

Action                   |  1- 3 |  4- 6 |  7- 9 || total
-------------------------+-------+-------+-------++-------
Melee: Falchion          |   123 |   111 |   105 ||   339
       Headbutt          |    22 |    24 |    47 ||    93
       Broad axe         |       |       |    69 ||    69
       Whip              |       |       |    23 ||    23
Invok: Berserk           |       |     3 |     2 ||     5
       Trog's Hand       |       |       |     1 ||     1
  Use: Scroll            |       |     7 |     6 ||    13
  Eat: Chunk             |     3 |     7 |    15 ||    25
Armor: Animal skin       |     2 |       |       ||     2
       Plate armour      |    90 |   107 |     7 ||   204
       Chain mail        |       |       |    70 ||    70
Dodge: Dodged            |    43 |    31 |    44 ||   118
Block: Buckler           |    13 |    24 |    42 ||    79
       Rpst.: Falchion   |    14 |     7 |     8 ||    29
